 Dungeon Crawl Stone Soup version 0.20.0-15-g7f486f2 (webtiles) character file.

131 Omegatherion the Shield-Bearer (level 5, -5/33 HPs)
             Began as a Gargoyle Fighter on June 22, 2017.
             Slain by Crazy Yiuf
             ... wielding a +3 quarterstaff of chaos
              (10 damage)
             ... on level 4 of the Dungeon.
             The game lasted 00:06:10 (3116 turns).

Omegatherion the Shield-Bearer (Gargoyle Fighter)   Turns: 3116, Time: 00:06:10

Health: -5/33      AC: 13    Str: 20    XL:     5   Next: 14%
Magic:  0/1        EV:  7    Int: 12    God:
Gold:   108        SH:  9    Dex: 10    Spells: 4/4 levels left

rFire    x . .     SeeInvis .   z - +0 mace (antimagic)
rCold    + . .     Gourm    .   c - +0 shield
rNeg     + . .     Faith    .   b - +0 scale mail
rPois    ∞         Spirit   .   g - +0 hat
rElec    +         Reflect  .   (no cloak)
rCorr    .         Harm     .   A - +1 pair of gloves
MR       .....                  (no boots)
Stlth    ..........             m - amulet of rage
Regen    0.2/turn               n - +4 ring of intelligence
MPRegen  0.1/turn               r - ring of ice

@: no status effects
A: negative energy resistance 1, electricity resistance, unbreathing,
petrification resistance, rot immunity, AC +4
a: Evoke Berserk Rage


You were on level 4 of the Dungeon.
You were not hungry.

You visited 1 branch of the dungeon, and saw 4 of its levels.

You collected 108 gold pieces.

Inventory:

Hand Weapons
 a - a +0 flail
 l - a +0 mace
 z - a +0 antimagic mace (weapon)
Armour
 b - a +0 scale mail (worn)
 c - a +0 shield (worn)
 g - a +0 hat (worn)
 A - a +1 pair of gloves (worn)
Jewellery
 m - an amulet of rage (around neck)
 n - a +4 ring of intelligence (left hand)
 r - a ring of ice (right hand)
 u - an uncursed ring of ice
Scrolls
 i - 5 scrolls of identify {unknown}
 o - a scroll of fear {unknown}
 s - a scroll of noise {unknown}
 t - a scroll of amnesia {unknown}
 y - a scroll of magic mapping {unknown}
Potions
 d - a potion of might
 e - 2 potions of heal wounds {unknown}
 h - 4 potions of curing {unknown}
 j - 2 potions of agility {unknown}
 p - 2 potions of lignification {unknown}
 q - 3 potions of mutation {unknown}
 B - a potion of magic {unknown}
Books
 v - a book of Callings

   Spells                             Type                      Level
   a - Summon Small Mammal            Summoning                    1
   b - Call Imp                       Summoning                    2
   c - Call Canine Familiar           Summoning                    3
   d - Summon Guardian Golem          Hexes/Summoning              3
   e - Summon Lightning Spire         Summoning/Air                4
   f - Summon Ice Beast               Ice/Summoning                4
Comestibles
 f - 2 bread rations
 k - 7 fruits
 w - a meat ration
 x - a royal jelly


   Skills:
 + Level 3.8 Fighting
 * Level 3.2 Maces & Flails
 + Level 4.0 Armour
 + Level 1.0 Dodging
 - Level 0.2 Stealth
 + Level 4.1 Shields


You had 4 spell levels left.
You didn't know any spells.

Dungeon Overview and Level Annotations

Branches:
Dungeon (4/15)
 Temple: D:4-7

Altars:
Nemelex Xobeh
Xom

Annotations:
D:4 Crazy Yiuf


Innate Abilities, Weirdness & Mutations

You are resistant to torment.
Your stone body is resilient. (AC +4)
You are immune to poison.
You resist negative energy. (rN+)
You are resistant to electric shocks. (rElec)
You can survive without breathing.
You are immune to petrification.
You are immune to rotting.


Message History

Crazy Yiuf is severely wounded.
Crazy Yiuf grits, "Line!"
You block Crazy Yiuf's attack.
Your shield and scale mail prevent you from hitting Crazy Yiuf.
Crazy Yiuf is severely wounded.
Crazy Yiuf grits, "Announcement meccalolo wrapper!"
Crazy Yiuf hits you but does no damage.
You closely miss Crazy Yiuf.
Crazy Yiuf is severely wounded.
You block Crazy Yiuf's attack.
You barely miss Crazy Yiuf.
Crazy Yiuf is severely wounded.
Crazy Yiuf barely misses you.
You hit Crazy Yiuf.
Crazy Yiuf is severely wounded.
You block Crazy Yiuf's attack. Crazy Yiuf closely misses you.
You completely miss Crazy Yiuf.
Crazy Yiuf is severely wounded.
Crazy Yiuf hits you with a quarterstaff of chaos!
You die...

###.######.##.........#
#.
#..........#####.###.##
## #.########........
..# ##. #.# #########
### ##.. #.# ####...
#.# #...... #.###♣♣
#### #<####. #..#.P♣♣
♣♣#)))# #.# ##
#....PP♣♣♣♣)@g).# #.# #
##...♣P)♣.)♣#)))# #.# #
###..)♣)♣♣♣ #### ##.# #
##♣♣♣♣♣ #..# # ##.## #
###...# # #.....### #
#.......# # #.......# #


You could see Crazy Yiuf.

Vanquished Creatures
  A worker ant (D:4)
  2 adders
  An ooze (D:3)
  A worm (D:2)
  A dart slug (D:1)
  A leopard gecko (D:1)
  3 orcs (D:4)
  3 giant cockroaches
  11 goblins
  8 hobgoblins
  5 jackals
  4 quokkas
  2 ball pythons
  12 bats
  A frilled lizard (D:1)
  9 kobolds
  4 rats
  A fungus (D:4)
70 creatures vanquished.

Notes
Turn   | Place    | Note
-------+----------+-------------------------------------------
     0 | D:1      | Omegatherion the Gargoyle Fighter began the quest for the Orb.
     0 | D:1      | Reached XP level 1. HP: 14/14 MP: 1/1
   387 | D:1      | Reached XP level 2. HP: 17/19 MP: 2/2
   907 | D:1      | Reached XP level 3. HP: 22/23 MP: 3/3
  1585 | D:2      | Reached XP level 4. HP: 12/28 MP: 4/4
  2296 | D:3      | Found a sparkling altar of Nemelex Xobeh.
  2696 | D:3      | Found a hazy altar of Hepliaklqana.
  2698 | D:3      | Found a radiant altar of Vehumet.
  2698 | D:3      | Found a shimmering altar of Xom.
  2700 | D:3      | Found a hide-covered altar of Uskayaw.
  2700 | D:3      | Found a shattered altar of Ashenzari.
  2700 | D:3      | Found a hide-covered altar of Uskayaw.
  2845 | D:4      | Reached skill level 1 in Dodging
  2845 | D:4      | Reached XP level 5. HP: 33/33 MP: 5/5
  3092 | D:4      | Found a runed door.
  3098 | D:4      | Noticed Crazy Yiuf
  3116 | D:4      | Slain by Crazy Yiuf

Skill      XL: |  1  2  3  4 |
---------------+-------------+-----
Shields        | 4 |  4.1
Maces & Flails | 3 |  3.2
Armour         | 4 |  4.0
Dodging        | 1 |  1.0
Fighting       | |  3.8
Stealth        | |  0.2

Action                   |  1- 3 |  4- 6 || total
-------------------------+-------+-------++-------
Melee: Flail             |   155 |       ||   155
       Mace              |    60 |   157 ||   217
  Eat: Chunk             |     3 |     5 ||     8
Armor: Scale mail        |   162 |    76 ||   238
Dodge: Dodged            |    96 |    48 ||   144
Block: Shield            |   148 |    84 ||   232
